Map: Ujari

Players

Metasapien

  • Race: Zerg Zerg
  • League: Platinum
  • Spawn Location: 3:00

Overmind

  • Race: Protoss Protoss
  • Spawn Location: 3:00

extrackman

  • Race: Zerg Zerg
  • Spawn Location: 0:00

iamuncooth - Winner!

  • Race: Protoss Protoss
  • League: Silver
  • Spawn Location: 9:00

TarValon - Winner!

  • Race: Protoss Protoss
  • League: Platinum
  • Spawn Location: 0:00

Firestone - Winner!

  • Race: Terran Terran
  • League: Silver
  • Spawn Location: 9:00

VOD

Have the link to the VOD?

Description

Time

  • Played on: Sept. 23, 2017, 11:12 a.m.
  • Length: 14:25
Show
View Real Time Build Order
Export as new Build Order

Metasapien Zerg 

Build Orders: Hatch First 

Get SALT Encoding   

  12  0:32  Drone  
  13  0:39  Hatchery  
  12  0:52  Spawning Pool  
  12  0:56  Drone  
  12  1:02  Drone  
  13  1:08  Drone  
  14  1:14  Overlord  
  14  1:20  Extractor  
  14  1:22  Drone  
  14  1:36  Drone  
  15  1:41  Zergling x2  
  16  1:53  Zergling x2  
  17  1:56  Spine Crawler  
  17  1:58  Drone  
  17  2:08  Spine Crawler  
  16  2:09  Spine Crawler  
  16  2:14  Spine Crawler  
  14  2:19  Zergling x2  
  15  2:25  Zergling x2  
  16  2:30  Zergling x2  
  16  2:46  Zergling x2  
  17  2:59  Queen  
  17  3:01  Drone x2  
  17  3:15  Zergling x4  
  18  3:25  Spine Crawler  
  15  3:50  Spine Crawler  
  15  3:51  Zergling x6  
  17  4:06  Drone  
  15  4:18  Zergling x6  
  18  4:30  Drone  
  19  4:39  Drone, Spine Crawler  
  19  4:56  Drone x2  
  21  5:09  Queen, Spine Crawler  
  21  5:13  Spine Crawler  
  21  5:15  Drone x2, Hatchery  
  21  5:17  Metabolic Boost  
  21  5:18  Extractor  
  21  5:23  Drone  
  22  5:57  Overlord x3  
  22  5:58  Overlord  
  22  5:59  Overlord x2  
  22  6:21  Extractor  
  22  6:22  Overlord  
  22  6:23  Zergling x2  
  22  6:28  Lair  
  22  6:29  Roach Warren  
  22  6:31  Drone  
  22  6:33  Queen  
  22  6:38  Drone x3  
  27  7:00  Drone x2  
  27  7:01  Drone  
  30  7:02  Drone x4  
  34  7:10  Roach  
  34  7:12  Drone  
  37  7:27  Extractor  
  36  7:31  Hydralisk Den  
  36  7:34  Roach x4  
  36  7:35  Roach x4  
  51  7:44  Extractor  
  50  7:54  Zergling x4, Roach x2  
  56  8:05  Drone  
  57  8:10  Hydralisk x5  
  57  8:11  Hydralisk  
  69  8:30  Hatchery  
  68  8:55  Roach x5  
  62  8:58  Hydralisk x5  
  34  9:24  Roach  
  34  9:25  Roach x2  
  32  9:42  Drone  
  32  9:44  Drone, Queen  
  36  9:48  Hydralisk  
  38  10:04  Drone x2  
  40  10:17  Drone  
  40  10:18  Drone x3  
  40  10:20  Drone  
  45  10:24  Hatchery  
  44  10:28  Hydralisk  
  44  10:29  Hydralisk  
  48  10:37  Hydralisk x3  
  48  10:38  Hydralisk  
  56  10:55  Drone  
  56  10:56  Drone x2  
  59  10:57  Drone x2  
  59  10:58  Drone  
  62  11:06  Roach  
  62  11:07  Roach x2  
  62  11:10  Overlord x2  
  66  11:18  Overseer  
  66  11:29  Drone  
  66  11:31  Extractor  
  64  11:33  Drone  
  64  11:34  Extractor  
  64  11:35  Hydralisk  
  64  11:36  Hydralisk x2  
  64  11:37  Roach  
  72  11:49  Queen  
  72  11:50  Drone  
  75  11:58  Drone x3  
  75  12:00  Drone x2  
  80  12:02  Drone  
  80  12:03  Drone x3  
  60  12:43  Overseer  
  48  12:45  Hydralisk  
  48  12:46  Hydralisk x3  
  48  12:47  Roach x2  
  58  13:09  Hydralisk x3  
  58  13:10  Roach  
  58  13:11  Zergling x2, Roach  
  58  13:12  Zergling x6  
  72  13:21  Hydralisk x4  
  72  13:22  Roach x2  
  72  13:25  Pneumatized Carapace  
  78  13:32  Drone  
  78  13:33  Drone x2  
  77  13:47  Hydralisk x3  
  79  13:51  Overlord  
  79  13:53  Overlord x2  
Show
View Real Time Build Order
Export as new Build Order

Overmind Protoss 

Build Orders:  

Get SALT Encoding   

  12  0:02  Probe (Chrono Boost)  
  13  0:19  Probe (Chrono Boost)  
  14  0:29  Probe (Chrono Boost), Pylon  
  15  1:01  Gateway  
  15  1:20  Nexus  
  15  1:27  Probe (Chrono Boost)  
  16  1:37  Probe (Chrono Boost)  
  17  1:48  Probe (Chrono Boost)  
  17  1:51  Zealot  
  20  1:58  Probe (Chrono Boost)  
  21  2:09  Probe (Chrono Boost)  
  22  2:19  Probe (Chrono Boost)  
  17  3:10  Probe (Chrono Boost)  
  9  3:20  Probe (Chrono Boost)  
  5  3:30  Probe (Chrono Boost)  
  5  3:31  Probe (Chrono Boost)  
  5  3:40  Probe (Chrono Boost)  
  6  3:41  Probe (Chrono Boost)  
  6  3:51  Probe (Chrono Boost)  
  6  3:52  Probe (Chrono Boost)  
  8  4:01  Probe (Chrono Boost)  
  10  4:03  Probe (Chrono Boost)  
  10  4:13  Probe (Chrono Boost)  
  10  4:16  Cybernetics Core  
  11  4:33  Probe (Chrono Boost)  
  12  4:42  Pylon  
  12  4:44  Probe (Chrono Boost)  
  12  4:54  Probe (Chrono Boost)  
  13  5:05  Probe (Chrono Boost)  
  14  5:15  Probe (Chrono Boost)  
  14  5:19  Forge  
  15  5:32  Nexus  
  15  5:35  Assimilator  
  15  5:40  Assimilator  
  15  5:46  Assimilator  
  15  6:00  Stargate x2  
  15  6:23  Pylon  
  15  6:28  Probe (Chrono Boost)  
  16  6:39  Probe (Chrono Boost)  
  21  6:47  Void Ray (Chrono Boost)  
  21  6:49  Void Ray (Chrono Boost), Probe (Chrono Boost)  
  26  7:01  Probe  
  27  7:05  Photon Cannon  
  27  7:08  Probe  
  27  7:13  Probe  
  29  7:18  Probe  
  30  7:24  Assimilator  
  30  7:25  Probe  
  30  7:28  Assimilator  
  30  7:29  Probe  
  31  7:31  Protoss Air Weapons Level 1  
  36  7:37  Probe  
  36  7:39  Void Ray (Chrono Boost), Probe  
  38  7:49  Probe  
  38  7:50  Probe  
  40  8:01  Probe  
  41  8:10  Void Ray (Chrono Boost)  
  49  8:21  Void Ray (Chrono Boost), Stargate  
  49  8:23  Stargate  
  49  8:29  Stargate  
  49  8:34  Probe x2  
  51  8:45  Probe  
  51  8:47  Probe  
  53  8:56  Probe  
  54  9:08  Pylon  
  54  9:10  Pylon  
  54  9:11  Pylon  
  54  9:14  Pylon  
  54  9:16  Probe  
  54  9:18  Probe  
  48  9:27  Probe  
  48  9:30  Probe  
  37  9:36  Void Ray x2 (Chrono Boost)  
  46  9:41  Void Ray (Chrono Boost)  
  46  9:42  Probe  
  38  9:54  Probe  
  23  10:19  Void Ray (Chrono Boost)  
  21  10:23  Void Ray (Chrono Boost)  
Show
View Real Time Build Order
Export as new Build Order

extrackman Zerg 

Build Orders: Pool First 

Get SALT Encoding   

  12  0:02  Drone  
  13  0:13  Overlord  
  13  0:18  Drone  
  14  0:31  Drone x2  
  16  0:36  Drone  
  17  0:45  Spawning Pool  
  17  0:50  Drone  
  17  1:22  Hatchery  
  17  1:23  Drone x3  
  19  1:35  Drone  
  20  1:49  Queen  
  22  1:56  Overlord x2  
  22  2:00  Extractor  
  21  2:05  Extractor  
  20  2:20  Roach Warren  
  20  2:21  Drone  
  20  2:22  Drone  
  21  2:30  Drone  
  21  2:34  Queen  
  24  2:45  Drone  
  25  3:00  Roach  
  25  3:01  Roach  
  29  3:10  Queen  
  29  3:12  Roach x3  
  33  3:36  Roach  
  33  3:37  Roach  
  37  3:48  Roach  
  39  3:55  Drone  
  38  4:15  Drone  
  37  4:23  Roach  
Show
View Real Time Build Order
Export as new Build Order

iamuncooth Protoss - Winner!

Build Orders:  

Get SALT Encoding   

  12  0:12  Pylon  
  12  0:14  Probe (Chrono Boost)  
  13  0:42  Assimilator  
  13  0:45  Pylon  
  13  1:04  Assimilator  
  13  1:10  Forge  
  13  1:17  Pylon  
  13  1:38  Pylon  
  13  1:43  Pylon  
  13  1:44  Assimilator  
  13  1:56  Photon Cannon  
  13  2:06  Pylon  
  13  2:28  Photon Cannon  
  13  2:35  Photon Cannon  
  13  2:45  Probe (Chrono Boost)  
  13  2:55  Probe (Chrono Boost)  
  14  3:06  Probe (Chrono Boost)  
  14  3:08  Gateway  
  15  3:21  Photon Cannon  
  15  3:25  Probe (Chrono Boost)  
  16  4:01  Cybernetics Core  
  16  4:08  Zealot  
  18  4:13  Pylon  
  18  4:14  Gateway  
  18  4:15  Probe (Chrono Boost)  
  19  4:17  Assimilator  
  19  4:22  Pylon  
  19  4:26  Probe (Chrono Boost)  
  20  4:37  Zealot  
  22  4:42  Probe (Chrono Boost)  
  23  4:48  Photon Cannon  
  23  4:52  Probe (Chrono Boost)  
  24  4:57  Photon Cannon  
  24  5:03  Probe (Chrono Boost)  
  24  5:04  Zealot  
  27  5:46  Warp Gate (Chrono Boost)  
  27  5:50  Gateway  
  27  6:04  Probe, Nexus  
  28  6:07  Assimilator  
  28  6:16  Probe  
  29  6:25  Stalker  
  29  6:26  Stalker  
  29  6:32  Probe  
  34  6:36  Protoss Ground Weapons Level 1 (Chrono Boost)  
  34  6:42  Stalker  
  34  6:44  Probe  
  37  6:54  Pylon  
  37  6:56  Probe  
  38  7:06  Gateway  
  38  7:10  Gateway  
  38  7:11  Probe  
  39  7:24  Probe  
  40  7:35  Twilight Council  
  40  7:36  Probe  
  41  7:44  Stalker  
  41  7:45  Stalker  
  41  7:48  Probe  
  42  8:00  Probe  
  42  8:05  Probe, Gateway  
  43  8:10  Assimilator  
  43  8:12  Probe  
  45  8:14  Assimilator  
  45  8:16  Probe  
  46  8:23  Dark Shrine  
  46  8:24  Probe  
  46  8:27  Probe  
  48  8:36  Probe  
  48  8:37  Probe  
  48  8:38  Charge  
  48  8:39  Stalker x2  
  54  8:45  Pylon  
  54  9:00  Protoss Ground Armor Level 1 (Chrono Boost)  
  54  9:03  Probe  
  54  9:04  Pylon  
  54  9:05  Pylon  
  54  9:07  Pylon  
  55  9:13  Stalker x2  
  55  9:15  Probe, Zealot  
  62  9:22  Probe  
  63  10:00  Stalker x3  
  63  10:01  Stalker x2  
  63  10:02  Stalker  
  75  10:09  Gateway  
  75  10:11  Gateway  
  75  10:12  Gateway  
  75  10:26  Dark Templar  
  75  10:27  Dark Templar x3  
  83  10:32  Dark Templar  
  69  11:04  Stalker  
  69  11:05  Dark Templar, Stalker x2  
  69  11:06  Dark Templar  
  69  11:07  Dark Templar  
  81  11:19  Nexus  
  81  11:44  Stalker  
  81  11:45  Stalker  
  85  11:55  Pylon  
  85  11:56  Pylon  
  85  11:57  Pylon  
  85  11:58  Pylon, Protoss Ground Weapons Level 2 (Chrono Boost)  
  85  12:11  Blink  
  53  12:41  Stalker x2  
  53  12:42  Stalker x2, Zealot  
  53  12:43  Zealot x3  
  69  12:44  Zealot  
  67  13:12  Stalker  
  67  13:13  Stalker x5  
  67  13:14  Stalker, Zealot x2  
  85  13:23  Probe  
  80  13:31  Pylon x2  
  80  13:33  Pylon  
  80  13:34  Probe  
  78  13:35  Pylon, Dark Templar x2  
  78  13:36  Dark Templar x4  
  78  13:37  Dark Templar x3  
  78  13:38  Assimilator  
  93  13:43  Assimilator  
  93  13:44  Probe  
  94  13:55  Probe  
  93  14:05  Probe  
Show
View Real Time Build Order
Export as new Build Order

TarValon Protoss - Winner!

Build Orders:  

Get SALT Encoding   

  12  0:07  Probe (Chrono Boost)  
  13  0:24  Probe (Chrono Boost)  
  14  0:29  Pylon  
  14  0:35  Probe (Chrono Boost)  
  15  0:49  Forge  
  15  0:51  Probe (Chrono Boost)  
  15  0:54  Pylon  
  16  1:04  Probe (Chrono Boost)  
  17  1:14  Probe (Chrono Boost)  
  18  1:28  Photon Cannon  
  18  1:31  Photon Cannon  
  18  1:39  Probe (Chrono Boost)  
  19  1:40  Pylon  
  19  1:50  Probe (Chrono Boost)  
  20  1:59  Pylon  
  20  2:00  Probe (Chrono Boost)  
  21  2:11  Probe (Chrono Boost)  
  22  2:19  Photon Cannon  
  22  2:20  Photon Cannon  
  22  2:24  Photon Cannon  
  22  2:34  Photon Cannon  
  22  2:42  Photon Cannon  
  22  2:49  Pylon  
  22  3:00  Photon Cannon  
  22  3:11  Photon Cannon  
  22  3:19  Photon Cannon  
  22  3:25  Photon Cannon  
  21  3:53  Probe (Chrono Boost)  
  22  3:57  Assimilator  
  22  4:00  Assimilator  
  22  4:04  Probe (Chrono Boost), Gateway  
  23  4:14  Probe (Chrono Boost)  
  24  4:25  Probe (Chrono Boost)  
  25  4:34  Nexus  
  25  4:40  Assimilator  
  25  4:44  Pylon, Assimilator  
  25  4:52  Probe (Chrono Boost)  
  26  5:03  Cybernetics Core  
  26  5:14  Photon Cannon  
  26  5:16  Photon Cannon  
  26  5:19  Probe (Chrono Boost)  
  27  5:30  Probe (Chrono Boost)  
  27  5:34  Gateway  
  28  5:37  Warp Gate (Chrono Boost)  
  28  5:40  Probe (Chrono Boost)  
  29  5:49  Probe  
  29  5:51  Probe  
  31  6:00  Probe  
  31  6:01  Gateway  
  31  6:03  Probe  
  33  6:10  Probe  
  33  6:15  Probe  
  35  6:21  Probe, Gateway  
  35  6:22  Gateway  
  36  6:27  Probe  
  36  6:31  Probe  
  38  6:45  Protoss Ground Weapons Level 1 (Chrono Boost)  
  38  6:51  Nexus  
  38  7:08  Twilight Council  
  38  7:48  Blink  
  38  7:49  Pylon, Stalker  
  38  7:50  Stalker x2  
  38  7:51  Stalker  
  46  7:52  Pylon  
  46  8:06  Pylon  
  46  8:08  Pylon  
  46  8:10  Pylon, Stalker  
  48  8:15  Assimilator  
  48  8:17  Stalker x3  
  48  8:18  Stalker  
  48  8:19  Assimilator  
  56  8:31  Pylon  
  56  8:36  Pylon  
  54  8:56  Stalker x3  
  54  8:57  Stalker x2  
  58  9:24  Stalker x5  
  52  10:02  Stalker x5  
  60  10:51  Stalker x3  
  60  10:52  Stalker x2  
Show
View Real Time Build Order
Export as new Build Order

Firestone Terran - Winner!

Build Orders: MMM Bio 

Get SALT Encoding   

  12  0:02  SCV  
  13  0:15  SCV  
  14  0:27  SCV, Supply Depot  
  15  0:46  Refinery  
  15  0:48  SCV  
  16  1:00  SCV, Barracks  
  17  1:12  SCV  
  17  1:13  Barracks  
  18  1:24  SCV  
  19  1:33  Supply Depot  
  19  1:37  SCV  
  20  1:49  SCV  
  20  1:50  Marine  
  22  1:58  Factory  
  23  2:01  Marine  
  23  2:05  Orbital Command  
  23  2:12  Marine  
  24  2:23  Supply Depot  
  24  2:24  Marine  
  25  2:34  SCV  
  25  2:36  Barracks, Marine  
  27  2:43  Hellion  
  29  2:50  Marine  
  30  2:58  Marine  
  30  3:04  Hellion  
  33  3:08  Marine  
  34  3:23  Marine  
  34  3:24  Marine  
  34  3:26  Hellion  
  38  3:28  Command Center  
  38  3:35  Refinery  
  38  3:42  Marine  
  39  3:59  Marine x2  
  39  4:03  Marine  
  38  4:17  Marine  
  39  4:31  Marine  
  39  4:40  Hellion  
  35  4:49  Orbital Command, SCV  
  30  4:53  Marine x2  
  31  5:01  SCV  
  31  5:05  Factory Tech Lab  
  31  5:06  Starport  
  32  5:07  Barracks Tech Lab  
  32  5:11  Marine x2  
  32  5:13  SCV  
  35  5:18  SCV  
  36  5:25  Siege Tank  
  36  5:26  SCV  
  36  5:28  Stimpack  
  40  5:29  Marine  
  40  5:30  SCV, Marine x2  
  44  5:38  SCV  
  44  5:42  SCV  
  46  5:48  Supply Depot  
  46  5:50  SCV  
  46  5:54  SCV  
  48  5:58  Siege Tank  
  48  6:02  SCV  
  52  6:06  SCV  
  52  6:09  Orbital Command  
  53  6:14  SCV  
  54  6:18  Medivac  
  54  6:22  Supply Depot  
  54  6:25  Engineering Bay  
  56  6:30  Refinery, Siege Tank  
  59  6:33  Refinery  
  59  6:40  Marine x2  
  61  6:48  Medivac  
  63  7:02  Siege Tank  
  63  7:07  Command Center, Supply Depot  
  66  7:18  Medivac  
  66  7:19  Factory  
  68  7:29  Marine x3  
  71  7:32  SCV  
  71  7:33  SCV  
  73  7:41  Supply Depot  
  73  7:44  SCV  
  73  7:45  SCV, Supply Depot  
  73  7:47  Marine x3  
  78  7:59  Combat Shields  
  78  8:01  Starport Reactor  
  78  8:03  SCV  
  81  8:06  Factory Tech Lab, Marauder, Widow Mine  
  83  8:25  SCV x3  
  88  8:27  Marauder  
  88  8:35  Widow Mine  
  88  8:37  SCV x3  
  88  9:03  Widow Mine  
  67  9:30  Marine  
  67  9:31  Marine x2  
  66  9:48  Marine  
  66  9:49  Marine x2  
  69  9:57  Orbital Command  
  69  9:58  SCV x2  
  71  10:03  Terran Infantry Weapons Level 1, Barracks x2  
  71  10:06  Marine x3  
  74  10:07  Refinery  
  74  10:08  Engineering Bay  
  74  10:10  SCV  
  74  10:11  Refinery, Siege Tank x2  
  81  10:21  SCV  
  81  10:22  SCV  
  81  10:23  SCV  
  81  10:24  Marine x3  
  87  10:29  Medivac x2  
  87  10:33  SCV  
  87  10:34  SCV  
  93  10:42  Marine x3  
  96  10:43  Siege Tank  
  99  10:58  Medivac  
  99  10:59  Marine  
  99  11:04  Marine x4  
  106  11:11  Terran Infantry Armor Level 1  
  106  11:14  Armory  
  106  11:16  Armory  
  106  11:17  Marine  
  107  11:21  Marine  
  107  11:22  Marine  
  107  11:23  Supply Depot  
  107  11:25  Supply Depot x2  
  109  11:35  Concussive Shells  
  109  11:37  Sensor Tower  
  109  11:44  Medivac, SCV x3, Marine x3  
  109  11:46  Medivac, Marine  
  120  11:57  SCV x3  
  120  11:59  Missile Turret  
  123  12:02  Missile Turret  
  123  12:04  Missile Turret, Marine x3  
  126  12:08  Refinery  
  126  12:09  SCV  
  126  12:11  Terran Vehicle Weapons Level 1, Starport  
  126  12:12  Terran Vehicle And Ship Armor Level 1  
  126  12:13  Thor, Starport  
  133  12:19  Supply Depot  
  133  12:21  Supply Depot x2  
  133  12:25  Command Center, Supply Depot  
  133  12:30  Supply Depot  
  133  12:40  Thor, Marine x2  
  133  12:42  Medivac, Marine x3  
  146  12:56  Thor  
  152  13:07  Starport Reactor x2  
  152  13:15  Armory  
  152  13:18  SCV x3  
  155  13:21  Refinery  
  155  13:23  Siege Tank  
  158  13:30  SCV, Marine  
  158  13:31  Marine x3  
  158  13:32  Marine  
  164  13:39  Siege Tank  
  167  13:48  Marine  
  167  13:49  Marine x2  
Tags
 
Add a new tag
Caveats
  • Supply blocks, unpowered buildings, or Contaminate may cause inaccurate times.
  • Supply counts are checked every 10 seconds.